 Dungeon Crawl Stone Soup version 0.23.2 (webtiles) character file.

Game seed: 6701382026666495099

122 Borgoz the Sneak (level 5, -4/44 HPs)
             Began as a Ghoul Assassin on Apr 5, 2019.
             Slain by a gnoll
             ... wielding a +0 spear
              (9 damage)
             ... on level 2 of the Dungeon.
             The game lasted 00:03:12 (1430 turns).

Borgoz the Sneak (Ghoul Assassin)                   Turns: 1430, Time: 00:03:13

Health: -4/44      AC:  6    Str: 20      XL:     5   Next: 6%
Magic:  4/4        EV: 11    Int:  6      God:
Gold:   119        SH:  0    Dex:  7 (11) Spells: 4/4 levels left

rFire    . . .     SeeInvis .   a - +1 dagger (venom)
rCold    + . .     Gourm    .   (no shield)
rNeg     + + +     Faith    .   n - +0 ring mail
rPois    ∞         Spirit   .   (no helmet)
rElec    .         Reflect  .   d - +0 cloak
rCorr    .         Harm     .   (no gloves)
MR       .....                  (no boots)
Stlth    ++........             (no amulet)
HPRegen  0.00/turn              (no ring)
MPRegen  0.09/turn              (no ring)

@: mighty, rotting
A: rotting body, claws 1, carnivore, cold resistance 1, negative energy
resistance 3, inhibited regeneration, torment resistance, unbreathing
a: no special abilities


You were on level 2 of the Dungeon.
You were not hungry.

You visited 1 branch of the dungeon, and saw 2 of its levels.

You collected 119 gold pieces.

Inventory:

Hand Weapons
 a - a +1 dagger of venom (weapon)
 b - a +0 blowgun
Missiles
 e - 8 poisoned needles
 f - 2 curare-tipped needles
Armour
 d - a +0 cloak (worn)
 n - a +0 ring mail (worn)
Scrolls
 c - a scroll of fear {unknown}
 i - a scroll of noise {unknown}
 k - 4 scrolls of identify {unknown}
 l - a scroll of magic mapping {unknown}
 m - a scroll of random uselessness {unknown}
 p - a scroll of teleportation {unknown}
 q - a scroll of blinking {unknown}
Comestibles
 g - 7 rations


   Skills:
 + Level 2.8 Fighting
 * Level 2.7 Short Blades
 + Level 2.1 Throwing
 * Level 1.9 Armour
 * Level 2.0 Dodging
 + Level 4.6 Stealth


You had 4 spell levels left.
You didn't know any spells.
Your spell library was empty.

Dungeon Overview and Level Annotations

Branches:
Dungeon (2/15)

Altars:
Ru


Innate Abilities, Weirdness & Mutations

Your body is rotting away.
You thrive on raw meat.
You are immune to poison.
You have sharp fingernails.
You are carnivorous and can eat meat at any time.
Your flesh is cold resistant. (rC+)
You are immune to negative energy. (rN+++)
You do not regenerate when monsters are visible.
You are immune to unholy pain and torment.
You can survive without breathing.


Message History

The gnoll closely misses you.
You kill the gnoll!
Your Dodging skill increases to level 2!
You have reached level 5!
You feel stronger.
Things that are here:
a +0 spear; a gnoll corpse You closely miss the gnoll.
The gnoll hits you with a +0 spear. The gnoll hits you with a +0 flail!
* * * LOW HITPOINT WARNING * * *
You barely miss the gnoll. The gnoll closely misses you.
The gnoll hits you with a +0 flail!
* * * LOW HITPOINT WARNING * * *
It was a potion of might.
You feel very mighty all of a sudden.
The gnoll hits you but does no damage. x2
You puncture the gnoll!
The gnoll is heavily wounded.
The gnoll hits you with a +0 spear!
You die...

..## ## ##...## #.
.###.....## #.##
.##.......## #..####
.#.........# ##.....
.'.........+ .....
.#.........# ...
.##.......# ##g###.#
.###.....## #.@g..#
.# ##...## #.####.#
## ##'## ##..##
####.#######....##
###................#
.##.##.#.####.####.#
.##.#....##.....##.#
.##......#.......#.#
......##.#.......#.#


You could see 2 gnolls.

Vanquished Creatures
  2 gnolls (D:2)
  5 adders (D:2)
  5 worms (D:2)
  2 dart slugs
  A leopard gecko (D:1)
  A ball python (D:2)
  3 bats
  2 giant cockroaches
  7 goblins
  3 hobgoblins
  2 jackals (D:2)
  A quokka (D:2)
  5 frilled lizards
  3 kobolds (D:1)
  2 rats (D:2)
44 creatures vanquished.

Notes
Turn   | Place    | Note
-------+----------+-------------------------------------------
     0 | D:1      | Borgoz the Ghoul Assassin began the quest for the Orb.
     0 | D:1      | Reached XP level 1. HP: 17/17 MP: 0/0
    43 | D:1      | Reached skill level 1 in Dodging
   114 | D:1      | Reached XP level 2. HP: 17/24 MP: 1/1
   435 | D:1      | Reached skill level 1 in Armour
   772 | D:2      | Reached XP level 3. HP: 30/30 MP: 2/2
   916 | D:2      | Reached XP level 4. HP: 31/37 MP: 3/3
  1290 | D:2      | Found a sacrificial altar of Ru.
  1426 | D:2      | Reached XP level 5. HP: 22/44 MP: 4/4
  1430 | D:2      | Slain by a gnoll

Skill      XL: |  1  2  3  4 |
---------------+-------------+-----
Dodging        | 1 2 |  2.0
Short Blades   | 2 |  2.7
Armour         | 1 |  1.9
Throwing       | 2 |  2.1
Fighting       | |  2.8
Stealth        | |  4.6

Action                   |  1- 3 |  4- 6 || total
-------------------------+-------+-------++-------
Melee: Dagger            |    85 |    75 ||   160
  Use: Potion            |     4 |     3 ||     7
 Stab: Sleeping          |     9 |     2 ||    11
  Eat: Chunk             |     3 |     1 ||     4
Armor: Robe              |    18 |       ||    18
       Ring mail         |     7 |    24 ||    31
Dodge: Dodged            |    41 |    37 ||    78
